 Dungeon Crawl Stone Soup version 0.27.1-35-g4d5d836560 (console) character file.

Game seed: 17223964958566331464

18 Banquo the Shield-Bearer (level 2, -5/24 HPs)
             Began as a Formicid Fighter on Mar 3, 2022.
             Was a Follower of Jiyva.
             Slain by Sigmund (9 damage)
             ... on level 2 of the Dungeon.
             The game lasted 00:02:10 (850 turns).

Banquo the Shield-Bearer (Formicid Fighter)          Turns: 850, Time: 00:02:11

Health: -5/24      AC:  6    Str: 20    XL:     2   Next: 85%
Magic:  2/2        EV:  7    Int:  7    God:    Jiyva [*.....]
Gold:   12         SH:  0    Dex: 10    Spells: 1/1 levels left

rFire    . . .     SeeInvis +   a - +0 war axe
rCold    . . .     Faith    .   c - +0 kite shield
rNeg     . . .     Spirit   .   b - +0 scale mail
rPois    .         Reflect  .   (helmet unavailable)
rElec    .         Harm     .   (no cloak)
rCorr    .         Rampage  .   (no gloves)
Will     .....                  (no boots)
Stlth    ..........             (no amulet)
HPRegen  0.08/turn              (no ring)
MPRegen  0.08/turn              (no ring)

@: confused, mighty
A: permanent stasis, dig shafts and tunnels, antennae 3, four strong arms
a: Dig, Shaft Self, Renounce Religion, Request Jelly


You were on level 2 of the Dungeon.
You worshipped Jiyva.
Jiyva was aware of your devotion.
You visited 1 branch of the dungeon, and saw 2 of its levels.

You collected 12 gold pieces.

Inventory:

Hand Weapons
 a - a +0 war axe (weapon)
 j - a +0 war axe
Missiles
 i - 19 arrows
Armour
 b - a +0 scale mail (worn)
 c - a +0 kite shield (worn)
Scrolls
 e - a scroll of identify {unknown}
 f - a scroll of fog {unknown}
 g - a scroll of magic mapping {unknown}
 h - a scroll of enchant armour {unknown}
Potions
 d - a potion of might


   Skills:
 - Level 3.2 Fighting
 + Level 3.1 Axes
 - Level 3.2 Armour
 - Level 3.6 Shields


You had one spell level left.
You didn't know any spells.
Your spell library was empty.

Dungeon Overview and Level Annotations

Branches:
Dungeon (2/15)

Altars:
Jiyva

Shops:
D:2 (

Annotations:
D:2 Sigmund


Innate Abilities, Weirdness & Mutations

You cannot be hasted, slowed, berserked, paralysed or teleported.
You can dig through walls and to a lower floor.
You have a pair of large antennae on your head. (SInv)
Your four strong arms can wield two-handed weapons with a shield.


Message History

You are confused.
There is an open door here.
You bump into the closed door.
You bump into the closed door.
You bump into the closed door.
Sigmund hits you but does no damage.
You're too confused to move!
You bump into the rock wall.
Sigmund hits you but does no damage.
You feel less confused. Sigmund hits you with a +0 scythe.
You hit Sigmund.
Sigmund is lightly wounded.
You block Sigmund's attack.
You closely miss Sigmund.
Sigmund is lightly wounded.
Sigmund giggles. "Time to reap what you sow."
You block Sigmund's attack.
You slash Sigmund!
Sigmund is moderately wounded.
Sigmund hits you with a +0 scythe!
You hit Sigmund.
Sigmund is heavily wounded.
Sigmund gestures at you while chanting. The puff of flame hits you!
* * * LOW HITPOINT WARNING * * *
You closely miss Sigmund.
Sigmund is heavily wounded.
Sigmund says, "Don't worry, I'll kill you fast."
You block Sigmund's attack.
You hit Sigmund.
Sigmund is heavily wounded.
You block Sigmund's attack.
You hit Sigmund but do no damage.
Sigmund is heavily wounded.
Sigmund points at you and mumbles some strange words.
You are confused.
Sigmund closely misses you.
Okay, then.
You feel very mighty all of a sudden.
Sigmund hits you from afar with a +0 scythe!
You die...

#........#
#......#.# #..
#.<#.######
#...#[.........
##......#..#####
#.......##+###
#.#......'∩'.# #
##.##.##+#.#### {
#. #.#..@.@..# ##
#.#.......# {
..#.......####.#
..#............#
..##...#...####.#
.. #..###.... #..
...##. ### .##J#
## #..


You could see Sigmund and a neutral endoplasm (wandering) (fellow slime).

Vanquished Creatures
  4 ball pythons (D:1)
  A bat (D:1)
  A giant cockroach (D:1)
  2 goblins (D:1)
  A hobgoblin (D:1)
  2 jackals (D:1)
  A quokka (D:1)
  3 frilled lizards (D:1)
15 creatures vanquished.

Vanquished Creatures (others)
  A ball python (D:1)
  A goblin (D:1)
2 creatures vanquished.

Grand Total: 17 creatures vanquished

Notes
Turn   | Place    | Note
-------+----------+-------------------------------------------
     0 | D:1      | Banquo the Formicid Fighter began the quest for the Orb.
     0 | D:1      | Reached XP level 1. HP: 18/18 MP: 1/1
    55 | D:1      | Reached XP level 2. HP: 13/24 MP: 2/2
   355 | D:1      | Found a faded altar of an unknown god.
   379 | D:1      | Became a worshipper of Jiyva Jorifugu the Shapeless
   379 | D:1      | Reached * piety under Jiyva
   819 | D:2      | Found Xehog's Antique Weapon Shoppe.
   830 | D:2      | Noticed Sigmund
   850 | D:2      | Slain by Sigmund

Illustrated notes

Levels and vault maps discovered:
D:1:      minmay_arrival_hallway, layout_basic,
          hellmonk_ecumenical_altar_crossroads, hangedman_decor_lopped
D:2:      layout_loops_cross, serial_shops, nicolae_shop_behind_doors,
          grunt_decor_fettered, chequers_serial_rivers_large_b, uniq_terence,
          uniq_sigmund

Skill      XL: |  1  2 |
---------------+-------+-----
Axes           | 3 |  3.1
Fighting       | |  3.2
Armour         | |  3.2
Shields        | |  3.6

Action                   || total
-------------------------++-------
Melee: War axe           ||    56
 Abil: Dig               ||     1
  Use: Potion            ||     1
Armor: Scale mail        ||    28
Dodge: Dodged            ||    15
Block: Kite shield       ||    43
